 Dungeon Crawl Stone Soup version 0.24.0-125-gc4c63601f3 (webtiles) character file.

Game seed: 763278520535463924, levelgen mode: deterministic

51 Johnny the Ruffian (level 3, 0/37 HPs)
             Began as a Troll Berserker on Feb 23, 2020.
             Was a Follower of Trog.
             Slain by a gnoll
             ... wielding a +0 spear
              (7 damage)
             ... on level 2 of the Dungeon.
             The game lasted 00:00:43 (783 turns).

Johnny the Ruffian (Troll Berserker)                 Turns: 783, Time: 00:00:43

Health: 0/37       AC:  6    Str: 26    XL:     3   Next: 58%
Magic:  2/2        EV: 10    Int:  3    God:    Trog [*.....]
Gold:   39         SH:  0    Dex:  9    Spells: 2/2 levels left

rFire    . . .     SeeInvis .     - Unarmed
rCold    . . .     Gourm    +   (no shield)
rNeg     . . .     Faith    .   a - +0 animal skin
rPois    .         Spirit   .   (helmet restricted)
rElec    .         Reflect  .   (no cloak)
rCorr    .         Harm     .   (gloves unavailable)
MR       .....                  (boots unavailable)
Stlth    +.........             j - amulet of inaccuracy (curse)
HPRegen  0.52/turn              (no ring)
MPRegen  0.08/turn              (no ring)

@: lethally poisoned (0 -> 0), starving
A: large, unfitting armour, claws 3, fast metabolism 3, gourmand, regeneration
1, shaggy fur 1, tough skin 3
a: Berserk, Renounce Religion


You were on level 2 of the Dungeon.
You worshipped Trog.
Trog was aware of your devotion.
You were starving.

You visited 1 branch of the dungeon, and saw 2 of its levels.

You collected 39 gold pieces.

Inventory:

Armour
 a - a +0 animal skin (worn)
Jewellery
 j - a cursed amulet of inaccuracy (around neck)
Scrolls
 f - a scroll of remove curse {unknown}
 h - a scroll of enchant weapon {unknown}
 k - a scroll of enchant armour {unknown}
Potions
 c - a potion of might {unknown}
 d - a potion of lignification {unknown}
 e - 2 potions of mutation {unknown}
 g - a potion of magic {unknown}
 i - 2 potions of curing {unknown}
 l - a potion of ambrosia {unknown}
Comestibles
 b - 3 rations


   Skills:
 + Level 3.0 Fighting
 + Level 2.9 Dodging
 + Level 3.6 Unarmed Combat


You had 2 spell levels left.
You didn't know any spells.
Your spell library was empty.

Dungeon Overview and Level Annotations

Branches:
Dungeon (2/15)

Altars:


Innate Abilities, Weirdness & Mutations

You are too large for most types of armour.
You have claws for hands.
Your metabolism is lightning-fast.
You like to eat raw meat.
Your natural rate of healing is unusually fast.
You are covered in fur. (AC +1)
You have extremely tough skin. (AC +3)


Message History

Trog accepts your kill.
The gnoll hits you from afar with a +0 spear.
You claw the gnoll!
You kill the gnoll!
Trog accepts your kill.
Your Fighting skill increases to level 3!
The gnoll barely misses you.
You feel sick. The gnoll hits you with a +0 spear.
* * * LOW HITPOINT WARNING * * *
Found a ration.
You see here a +0 club.
You barely miss the gnoll. The gnoll hits you but does no damage.
You closely miss the gnoll. You barely miss the gnoll.
The gnoll closely misses you.
You scratch the gnoll but do no damage.
You feel sick. The gnoll hits you but does no damage.
You barely miss the gnoll. The gnoll hits you with a +0 spear.
* * * LOW HITPOINT WARNING * * *
You barely miss the gnoll. The gnoll hits you with a +0 spear!
You die...

#..# #..#
#..#
#.##.#####..#
#......<....#
............#
.###.#####..#
# ##.#.#
#@###.. #g.#
### ....%
##...## ##.##
.# .# .#


You could see a gnoll.

Vanquished Creatures
  3 gnolls (D:2)
  An adder (D:2)
  4 bats (D:1)
  2 goblins (D:1)
  3 kobolds (D:1)
  A frilled lizard (D:2)
  2 rats (D:1)
16 creatures vanquished.

Notes
Turn   | Place    | Note
-------+----------+-------------------------------------------
     0 | D:1      | Johnny the Troll Berserker began the quest for the Orb.
     0 | D:1      | Reached XP level 1. HP: 22/22 MP: 0/0
   186 | D:1      | Reached XP level 2. HP: 29/29 MP: 1/1
   767 | D:2      | Reached XP level 3. HP: 35/36 MP: 2/2
   783 | D:2      | Slain by a gnoll

Levels and vault maps discovered:
D:1:      wander_arrival_fairy_ring, layout_basic
D:2:      layout_loops_ring, nicolae_overflow_hidden_temple, old_standard_altar,
          xom_teletrap_fun, uniq_sigmund

Skill      XL: |  1  2  3 |
---------------+----------+-----
Fighting       | 3 |  3.0
Dodging        | |  2.9
Unarmed Combat | |  3.6

Action                   || total
-------------------------++-------
Melee: Unarmed           ||    48
  Eat: Chunk             ||     2
Armor: Animal skin       ||    18
Dodge: Dodged            ||    21
